 Dungeon Crawl Stone Soup version 0.29-a0-506-ga2e7fffb44 (webtiles) character file.

Game seed: 1528112345322861497

6470 dracfodder the Geomancer (level 11, -9/56 HPs)
             Began as a Gargoyle Earth Elementalist on May 28, 2022.
             Was a Follower of Sif Muna.
             Shot with an arrow by a minotaur (33 damage)
             ... in a Gauntlet.
             The game lasted 01:00:57 (11531 turns).

dracfodder the Geomancer (GrEE)                    Turns: 11531, Time: 01:00:58

Health: -9/56      AC: 20    Str: 11    XL:     11   Next: 0%
Magic:  15/24      EV: 12    Int: 21    God:    Sif Muna [*.....]
Gold:   431        SH:  0    Dex: 11    Spells: 15/29 levels left

rFire   . . .      SeeInvis +   a - staff of conjuration
rCold   . . .      Faith    .   (no shield)
rNeg    + + .      Spirit   .   x - +3 leather armour
rPois   ∞          Reflect  .   D - +0 helmet
rElec   +          Harm     .   J - +0 cloak {Will+}
rCorr   .          Rampage  .   d - +2 pair of gloves
Will    ++...      NoTele   +   (no boots)
Stlth   ++........              (no amulet)
HPRegen 0.18/turn               I - ring of the Octopus King {rN+ AC+1 EV+1 Str+1 Int+1 Dex+1}
MPRegen 0.19/turn               s - ring of willpower

@: invisible
A: sickness immunity, AC +8, negative energy resistance 1, electricity
resistance, torment resistance 1, petrification resistance, see invisible,
passive freeze, weak 1
a: Renounce Religion, Channel Magic


You were in a Gauntlet.
You worshipped Sif Muna.
Sif Muna was aware of your devotion.
You visited 3 branches of the dungeon, and saw 11 of its levels.
You also visited: Gauntlet.

You collected 431 gold pieces.

Inventory:

Hand Weapons
 b - a +0 vorpal fustibalus
 g - a +3 dagger of freezing
 G - the +7 war axe "Qiocw" {speed, Str+3}
   (You found it in a Gauntlet)

   Attacks with this weapon are significantly faster.
   Str:       It affects your strength (+3).
Missiles
 c - a throwing net
 k - 75 stones
 q - 2 javelins
Armour
 d - a +2 pair of gloves (worn)
 f - a +0 robe
 r - a +1 cloak
 x - a +3 leather armour (worn)
 D - a +0 helmet (worn)
 J - a +0 cloak of willpower (worn)
Magical Staves
 a - a staff of conjuration (weapon)
Jewellery
 j - a +6 ring of strength
 l - a ring of protection from cold
 s - a ring of willpower (right hand)
 H - the amulet "Acrekk" {Spirit rC+++ Int-3 Slay+3 Stlth+}
   (You found it in a Gauntlet)

   [amulet of guardian spirit]

   It causes incoming damage to be divided between your reserves of health and
   magic.
   Int:       It affects your intelligence (-3).
   Slay:      It affects your accuracy & damage with ranged weapons and melee
   (+3).
   rC:        It renders you almost immune to cold.
   Stlth:     It makes you more stealthy.
 I - a ring of the Octopus King (left hand) {rN+ AC+1 EV+1 Str+1 Int+1 Dex+1}
   (You found it in a Gauntlet)

   [ring of positive energy]

   AC:        It affects your AC (+1).
   EV:        It affects your evasion (+1).
   Str:       It affects your strength (+1).
   Int:       It affects your intelligence (+1).
   Dex:       It affects your dexterity (+1).
   rN:        It protects you from negative energy.
Wands
 v - a wand of iceblast (8)
 z - a wand of digging (7)
Scrolls
 e - 2 scrolls of magic mapping
 m - a scroll of amnesia
 t - 6 scrolls of identify
 y - 3 scrolls of teleportation
 A - 3 scrolls of immolation
 B - a scroll of fog {unknown}
 C - 3 scrolls of fear {unknown}
 E - a scroll of summoning {unknown}
 F - a scroll of enchant weapon
Potions
 h - a potion of invisibility
 i - 2 potions of brilliance
 n - 2 potions of heal wounds {unknown}
 o - 5 potions of curing {unknown}
 p - a potion of flight {unknown}
 u - 2 potions of degeneration {unknown}
 w - 2 potions of cancellation {unknown}


   Skills:
 + Level 1.1 Fighting
 + Level 1.4 Staves
 + Level 2.0 Slings
 + Level 0.1(1.1) Throwing
 + Level 2.4 Armour
 + Level 2.4 Dodging
 + Level 3.1 Stealth
 * Level 9.8 Spellcasting
 * Level 5.8 Conjurations
 + Level 0.5 Summonings
 + Level 0.8 Transmutations
 * Level 10.8 Earth Magic
 * Level 4.5 Evocations


You had 15 spell levels left.
You knew the following spells:

 Your Spells              Type           Power      Damage    Failure   Level
a - Sandblast             Erth           100%       2d20      1%          1
b - Passwall              Tmut/Erth      28%        N/A       1%          2
c - Summon Small Mammal   Summ           48%        N/A       7%          1
d - Stone Arrow           Conj/Erth      100%       3d13      1%          3
e - Petrify               Tmut/Erth      34%        N/A       8%          4
f - Call Canine Familiar  Summ           12%        N/A       21%         3

Your spell library contained the following spells:

 Spells                   Type           Power      Damage    Failure   Level
 Magic Dart               Conj           100%       1d8       1%          1
 Searing Ray              Conj           100%       2d8       1%          2
 Wereblood                Tmut           13%        N/A       10%         2
 Summon Guardian Golem    Hex/Summ       11%        N/A       24%         3
 Frozen Ramparts          Ice            20%        1d4       26%         3
 Fulminant Prism          Conj/Hex       16%        3d11      26%         4
 Hailstorm                Conj/Ice       33%        3d8       26%         4
 Ice Form                 Ice/Tmut       12%        N/A       58%         4
 Summon Ice Beast         Ice/Summ       11%        N/A       61%         4
 Summon Forest            Summ/Tloc      5%         N/A       91%         5
 Summon Mana Viper        Hex/Summ       11%        N/A       91%         5
 Simulacrum               Ice/Necr       5%         N/A       100%        6
 Summon Cactus Giant      Summ           6%         N/A       100%        6
 Summon Hydra             Summ           6%         N/A       100%        7
 Borgnjor's Revivificati  Necr           5%         N/A       100%        8
 Necromutation            Tmut/Necr      6%         N/A       100%        8
 Death's Door             Necr           5%         N/A       100%        9
 Sublimation of Blood     Necr           Unusable   N/A       N/A         2

Dungeon Overview and Level Annotations

Branches:
Dungeon (8/15)             Temple (1/1) D:7            Lair (2/6) D:8
Gauntlet (1/1)
  Swamp: Lair:2-4    Shoals: Lair:2-4     Snake: Lair:2-4    Spider: Lair:2-4

Altars:
Ashenzari
Cheibriados
Dithmenos
Elyvilon
Fedhas
Gozag
Hepliaklqana
Kikubaaqudgha
Makhleb
Nemelex Xobeh
Okawaru
Qazlal
Ru
Sif Muna
Trog
Uskayaw
Vehumet
Wu Jian
Xom
Yredelemnul
Zin

Annotations:
Lair:1 1 runed translucent door, avis's ghost, journeyman OgTm Gauntlet 8 transporters


Innate Abilities, Weirdness & Mutations

You are immune to sickness and miasma.
Your stone body is resilient. (AC +8)
You are immune to poison.
You resist negative energy. (rN+)
You are resistant to electric shocks. (rElec)
You are resistant to unholy torment.
You are immune to petrification.
You have supernaturally acute eyesight. (SInv)
A frigid envelope surrounds you and freezes all who hurt you.
You are weak. (Str -2)


Message History

You start resting.
You feel a little less mighty now.
You start resting.
Magic restored.
Found a curved runed staff.
Found a gate leading back out of this place.
A minotaur comes into view.
It is wielding the +9 shortbow of Pain and Death {flame, Str-2 Int+6} and quivering silver javelins.
Aiming: Stone Arrow (safe; 1% risk of failure)
Press: ? - help, Q - select action, (/) - cycle Shift-Dir - straight line, f - minotaur
Aim: a minotaur, wielding the +9 shortbow of Pain and Death {flame, Str-2 Int+6}, wearing a +0 chain mail, wearing a ring of poison resistance and quivering silver javelins (wandering, hasn't noticed you, 87% to hit)
You feel a surge of power!
The stone arrow hits the minotaur.
The minotaur is lightly wounded.
The minotaur bellows!
The minotaur shoots an arrow.
The arrow barely misses you.
Aiming: Stone Arrow (safe; 1% risk of failure)
Press: ? - help, Q - select action, (/) - cycle Shift-Dir - straight line, f/p - minotaur
Aim: a minotaur, wielding the +9 shortbow of Pain and Death {flame, Str-2 Int+6}, wearing a +0 chain mail, wearing a ring of poison resistance and quivering silver javelins (lightly wounded, 87% to hit)
You feel a surge of power!
The stone arrow hits the minotaur.
The minotaur is lightly wounded.
The minotaur shoots an arrow.
The arrow hits you. The arrow burns you.
Aiming: Stone Arrow (safe; 1% risk of failure)
Press: ? - help, Q - select action, (/) - cycle Shift-Dir - straight line, f/p - minotaur
Aim: a minotaur, wielding the +9 shortbow of Pain and Death {flame, Str-2 Int+6}, wearing a +0 chain mail, wearing a ring of poison resistance and quivering silver javelins (lightly wounded, 87% to hit)
You feel a surge of power!
The stone arrow hits the minotaur!!
The minotaur is moderately wounded.
The minotaur shoots an arrow.
The arrow hits you!! The arrow burns you.
Aiming: Stone Arrow (safe; 1% risk of failure)
Press: ? - help, Q - select action, (/) - cycle Shift-Dir - straight line, f/p - minotaur
Aim: a minotaur, wielding the +9 shortbow of Pain and Death {flame, Str-2 Int+6}, wearing a +0 chain mail, wearing a ring of poison resistance and quivering silver javelins (moderately wounded, 87% to hit)
You feel a surge of power!
The stone arrow hits the minotaur!
The minotaur is heavily wounded.
The minotaur shoots an arrow.
The arrow misses you.
You fade into invisibility!
The minotaur shoots an arrow.
The arrow hits you but does no damage.
The minotaur shoots an arrow.
The minotaur shoots an arrow.
The minotaur shoots an arrow.
The arrow closely misses you.
The minotaur shoots an arrow.
The arrow hits you!!
Ouch! That really hurt!
You die...

###### #...#..#.P#...
####...H# #.8.#..#.PP^..
#.H..##.###...#..#.^....
#.#####...#...#..#######
#.# #.#.#.©.#≈........
#...H.#.#.....#∩........
###⌠.⌠#.#.#.©.#≈........
####.#.#...#..#######
#@#.#...#..#Z.....
#....#.#.8.#..#Z##...
######.#...#..#..##.#
..#.8.#..#?..#.#
###...#..#©..#©.
#§8≈#..#...#.#
#####..#..##.#
###..#.##...
#8#..#......


You could see a minotaur (can't see you).

Vanquished Creatures
  Pikel (D:8)
  An apocalypse crab (Gauntlet)
  4 komodo dragons
  A rime drake (Lair:2)
  2 trolls
  A raiju (Gauntlet)
  Sigmund (D:3)
  A basilisk (D:8)
  2 steam dragons (D:8)
  Menkaure (D:4)
  2 water moccasins
  2 orc warriors
  A sky beast (D:8)
  2 ice beasts (D:6)
  An ogre (D:6)
  3 centaurs (D:7)
  2 phantoms
  2 lemures (D:8)
  3 bullfrogs
  A kobold brigand (D:5)
  4 scorpions (D:5)
  8 wights
  5 killer bees (D:7)
  2 jellies
  3 hounds
  4 orc priests
  6 iguanas
  2 lightning spires (Gauntlet)
  9 orc wizards
  2 adders
  5 gnolls
  2 shadow imps (D:7)
  A white imp (D:6)
  2 worms
  4 dart slugs
  30 orcs
  5 bats
  2 endoplasms (D:1)
  5 giant cockroaches
  10 goblins
  4 hobgoblins
  3 jackals (D:2)
  2 quokkas
  6 ball pythons
  A frilled lizard (D:2)
  10 kobolds
  6 rats
  A spectral kobold (D:1)
178 creatures vanquished.

Vanquished Creatures (collateral kills)
  2 rats
2 creatures vanquished.

Vanquished Creatures (others)
  4 demonic plants (Gauntlet)
  A withered plant (Gauntlet)
5 creatures vanquished.

Grand Total: 185 creatures vanquished

Notes
Turn   | Place    | Note
-------+----------+-------------------------------------------
     0 | D:1      | dracfodder the Gargoyle Earth Elementalist began the quest
                  | for the Orb.
     0 | D:1      | Reached XP level 1. HP: 10/10 MP: 3/3
   166 | D:1      | Reached skill level 4 in Earth Magic
   278 | D:1      | Reached XP level 2. HP: 15/15 MP: 3/5
   353 | D:1      | Learned a level 2 spell: Passwall
   355 | D:1      | Learned a level 1 spell: Summon Small Mammal
   541 | D:1      | Reached XP level 3. HP: 19/19 MP: 4/6
   964 | D:1      | Found a faded altar of an unknown god.
  1141 | D:2      | Learned a level 3 spell: Stone Arrow
  1546 | D:2      | Found a sacrificial altar of Ru.
  1772 | D:2      | Reached XP level 4. HP: 24/24 MP: 2/8
  1780 | D:2      | Reached skill level 5 in Earth Magic
  2589 | D:3      | You fall into a shaft and drop 1 floor!
  2627 | D:3      | Reached skill level 1 in Conjurations
  2699 | D:3      | Found an opulent altar of Gozag.
  2703 | D:3      | Found a shimmering altar of Xom.
  3039 | D:3      | Gained mutation: You are weak. (Str -2) [potion of
                  | mutation]
  3039 | D:3      | Gained mutation: You have supernaturally acute eyesight.
                  | (SInv) [potion of mutation]
  3039 | D:3      | Gained mutation: A frigid envelope surrounds you and
                  | freezes all who hurt you. [potion of mutation]
  3117 | D:3      | Noticed Sigmund
  3123 | D:3      | Killed Sigmund
  3124 | D:3      | Reached XP level 5. HP: 28/28 MP: 1/10
  3124 | D:3      | Reached XP level 6. HP: 32/32 MP: 1/11
  3992 | D:4      | Reached skill level 6 in Earth Magic
  4154 | D:4      | Noticed Menkaure
  4159 | D:4      | Killed Menkaure
  4160 | D:4      | Reached skill level 1 in Evocations
  4160 | D:4      | Reached XP level 7. HP: 29/36 MP: 8/13
  4393 | D:4      | Found a hide-covered altar of Uskayaw.
  4685 | D:5      | Entered Level 5 of the Dungeon
  4960 | D:5      | Found a hazy altar of Hepliaklqana.
  5009 | D:5      | Reached skill level 5 in Spellcasting
  5263 | D:5      | Reached skill level 7 in Earth Magic
  5622 | D:5      | Reached XP level 8. HP: 41/41 MP: 6/16
  6216 | D:6      | Learned a level 4 spell: Petrify
  6350 | D:6      | Reached skill level 1 in Slings
  6419 | D:6      | Noticed a troll
  6421 | D:6      | Killed a troll
  6900 | D:6      | Reached XP level 9. HP: 46/46 MP: 11/18
  7003 | D:6      | Found a white marble altar of Elyvilon.
  7039 | D:6      | Reached skill level 8 in Earth Magic
  7266 | D:6      | Found a sparkling altar of Nemelex Xobeh.
  7348 | D:6      | Found a bloodstained altar of Trog.
  7355 | D:6      | Found a radiant altar of Vehumet.
  7380 | D:6      | Reached skill level 1 in Staves
  7658 | D:7      | Reached skill level 1 in Armour
  7999 | D:7      | Found a staircase to the Ecumenical Temple.
  8004 | Temple   | Entered the Ecumenical Temple
  8063 | Temple   | Became a worshipper of Sif Muna the Loreminder
  8649 | D:7      | Reached skill level 9 in Earth Magic
  8938 | D:8      | Noticed Pikel
  8944 | D:8      | Killed Pikel
  8945 | D:8      | Reached skill level 1 in Fighting
  8945 | D:8      | Reached XP level 10. HP: 50/52 MP: 4/22
  8954 | D:8      | Learned a level 3 spell: Call Canine Familiar
  9891 | D:8      | Reached skill level 5 in Conjurations
 10174 | D:8      | Found a staircase to the Lair.
 10315 | D:8      | Reached skill level 10 in Earth Magic
 10880 | Lair:1   | Entered Level 1 of the Lair of Beasts
 10930 | Lair:1   | Found a runed translucent door.
 10933 | Lair:1   | Noticed avis's ghost (journeyman OgTm)
 10942 | Lair:1   | You fall into a shaft and drop 1 floor!
 11031 | Lair:1   | Found a gate leading to a gauntlet.
 11038 | Gauntlet | Entered a Gauntlet
 11038 | Gauntlet | Found a transporter.
 11038 | Gauntlet | Found a transporter.
 11109 | Gauntlet | Found a transporter.
 11109 | Gauntlet | Found a transporter.
 11109 | Gauntlet | Found a transporter.
 11119 | Gauntlet | Found the ring of the Octopus King
 11125 | Gauntlet | Found a transporter.
 11126 | Gauntlet | Found a transporter.
 11129 | Gauntlet | Noticed an apocalypse crab
 11184 | Gauntlet | Found a transporter.
 11189 | Gauntlet | Noticed a smoke demon
 11194 | Gauntlet | Found a transporter.
 11210 | Gauntlet | Found a transporter.
 11220 | Gauntlet | Found a transporter.
 11236 | Gauntlet | Found a transporter.
 11406 | Gauntlet | Reached * piety under Sif Muna
 11410 | Gauntlet | Identified the +7 war axe "Qiocw" {speed, Str+3}
 11415 | Gauntlet | Identified the amulet "Acrekk" {Spirit rC+++ Int-3 Slay+3
                  | Stlth+}
 11436 | Gauntlet | Killed an apocalypse crab
 11437 | Gauntlet | Reached XP level 11. HP: 56/56 MP: 15/24
 11448 | Gauntlet | Identified a ring of the Octopus King {rN+ AC+1 EV+1 Str+1
                  | Int+1 Dex+1}
 11511 | Gauntlet | Identified the +9 shortbow of Pain and Death {flame, Str-2
                  | Int+6}
 11511 | Gauntlet | Identified the +3 shortbow of Flawed Execution {vorpal,
                  | Drain Will+ Str+4 Dex+4}
 11511 | Gauntlet | Noticed a minotaur
 11531 | Gauntlet | Shot with an arrow by a minotaur

Illustrated notes

Levels and vault maps discovered:
D:1:      heliophobic_arrival_ceremonial_halls, layout_basic,
          dreamdust_ecumenical_altar_drowned_temple
D:2:      layout_basic, basic_altar, minmay_fractal_squares_5
D:3:      layout_basic, minitemple, uniq_sigmund
D:4:      layout_cave_pods, nicolae_uskayaw_murder_on_the_dancefloor,
          uniq_menkaure
D:5:      layout_basic, nzn_hepliaklqana_mist_gate
D:6:      layout_basic, nicolae_overflow_quartered_altars
D:7:      layout_gridville, temple_doors_e, minmay_tree_intersection
D:8:      layout_basic, erik_lair_dragon, corexii_checkpoint_a, uniq_pikel
Temple:   nicolae_temple_god_jail
Lair:1:   layout_gridlike, ebering_ghost_inner_flame, gauntlet_entry_generic,
          chequers_serial_rivers_small_b, grunt_megastairs_4
Lair:2:   layout_gridlike, pond
Gauntlet: gammafunk_gauntlet_shortcut [gammafunk_gauntlet_arena_chambers,
          gammafunk_gauntlet_arena_hedges, gammafunk_gauntlet_arena_mazey,
          nicolae_gauntlet_arena_quarters, gammafunk_gauntlet_arena_grid,
          gammafunk_gauntlet_arena_split_x, dreamdust_gauntlet_exit_labyrinth]

Skill      XL: |  1  2  3  4  5  6  7  8  9 10 |
---------------+-------------------------------+-----
Earth Magic    | 4 5 6 7 9 10 | 10.8
Spellcasting   | 3 4 5 6 8 9 |  9.8
Conjurations   | 1 2 3 4 5 |  5.8
Evocations     | 1 2 3 4 |  4.5
Slings         | 1 2 |  2.0
Stealth        | 3 |  3.1
Staves         | 1 |  1.4
Armour         | 2 |  2.4
Dodging        | 2 |  2.4
Fighting       | 1 |  1.1
Throwing       | |  0.1
Summonings     | |  0.5
Transmutations | |  0.8

Action                   |  1- 3 |  4- 6 |  7- 9 | 10-12 || total
-------------------------+-------+-------+-------+-------++-------
Melee: Dagger            |    14 |       |       |       ||    14
       Staff             |       |       |    30 |     6 ||    36
       Punch             |       |       |     1 |     1 ||     2
 Fire: Fustibalus        |       |     1 |    25 |     2 ||    28
Throw: Javelin           |       |       |     2 |       ||     2
 Cast: Sandblast         |    54 |    16 |    39 |    30 ||   139
       Summon Small Mamm |     9 |       |     1 |     2 ||    12
       Stone Arrow       |       |    20 |    77 |    52 ||   149
       Call Canine Famil |       |       |       |     7 ||     7
Evoke: Wand              |       |       |     2 |       ||     2
  Use: Scroll            |       |     9 |     8 |     1 ||    18
       Potion            |       |     2 |       |     1 ||     3
Armor: Robe              |    13 |     4 |     4 |       ||    21
       Leather armour    |       |       |    32 |    17 ||    49
Dodge: Dodged            |    22 |     4 |    33 |    17 ||    76

Table legend: (Time is in decaauts)
 A = Elapsed time spent in this place.
 B = Non-inter-level travel time spent in this place.
 C = Inter-level travel time spent in this place.
 D = Time resting spent in this place.
 E = Time spent auto-exploring this place.
 F = Levels seen in this place.
 G = Mean time per level.
                   A        B        C        D        E       F      G
               +--------+--------+--------+--------+--------+-----+--------+
         Total |  11538 |  11294 |    244 |   3461 |   6004 |  12 |  961.5 |
       Dungeon |  10810 |  10600 |    210 |   3310 |   5912 |   8 | 1351.2 |
        Temple |     73 |     42 |     31 |      0 |     24 |   1 |   73.0 |
          Lair |    157 |    154 |      3 |      0 |      0 |   2 |   78.5 |
      Gauntlet |    496 |    496 |      0 |    151 |     68 |   1 |  496.0 |
               +--------+--------+--------+--------+--------+-----+--------+

Top non-repeatable levels by time:
     D:8: 2131 daAuts
     D:6: 1448 daAuts
     D:5: 1448 daAuts
     D:2: 1356 daAuts
     D:3: 1235 daAuts
     D:1: 1131 daAuts
     D:7: 1101 daAuts
     D:4: 958 daAuts
Gauntlet: 496 daAuts
  Lair:1: 79 daAuts
  Lair:2: 78 daAuts
  Temple: 73 daAuts
